| TOP OF THE 1ST |
|
Indianapolis Indians batting - Pitching for Reno Aces : RHP Yeong-kil Suck
|
|
Pitching: RHP Yeong-kil Suck
|
|
|
Batting: LHB Alberto Figueroa
|
0-0: Called Strike 0-1: Foul Ball, location: 2F 0-2: Foul Ball, location: 2F 0-2: Strikes out looking
|
|
Batting: RHB Bubba Tierney
|
0-0: Ball 1-0: Bunt missed! 1-1: Foul Ball, location: 2F 1-2: Ball 2-2: Strikes out swinging
|
|
Batting: RHB Dave Fredericks
|
0-0: Ball 1-0: SINGLE (Groundball, 5S, EV 70.6 MPH) (infield hit)
|
|
Batting: RHB Chris Pozzi
|
0-0: Ball Wild Pitch! Dave Fredericks to second 1-0: Called Strike 1-1: Foul Ball, location: 2F 1-2: Fly out, F6 (Line Drive, 6D, EV 61.9 MPH)
|
| Top of the 1st over - 0 runs, 1 hit, 0 errors, 1 left on base; Indianapolis 0 - Reno 0 |
| BOTTOM OF THE 1ST |
|
Reno Aces batting - Pitching for Indianapolis Indians : LHP John Mandarino
|
|
Pitching: LHP John Mandarino
|
|
|
Batting: RHB Dustin Clark
|
0-0: Ball 1-0: Foul Ball, location: 2F 1-1: Foul Ball, location: 2F 1-2: Ball 2-2: Fly out, F9 (Line Drive, 89S, EV 86.9 MPH)
|
|
Batting: RHB Yutaka Oki
|
0-0: Ball 1-0: Called Strike 1-1: Called Strike 1-2: Foul Ball, location: 2F 1-2: Ground out 1-3 (Groundball, 13S, EV 62.5 MPH)
|
|
Batting: LHB Bobby Arevalo
|
0-0: Called Strike 0-1: Foul Ball, location: 2F 0-2: Ground out 4-3 (Groundball, 4S, EV 90.0 MPH)
|
| Bottom of the 1st over - 0 runs, 0 hits, 0 errors, 0 left on base; Indianapolis 0 - Reno 0 |
| TOP OF THE 2ND |
|
Indianapolis Indians batting - Pitching for Reno Aces : RHP Yeong-kil Suck
|
|
Batting: LHB Jorge Quintana
|
0-0: Foul Ball, location: 2F 0-1: Ball 1-1: Foul Ball, location: 2F 1-2: Ball 2-2: Fly out, F7 (Flyball, 78S, EV 81.2 MPH)
|
|
Batting: RHB Hugo Zacarias
|
0-0: Ball 1-0: Ground out 6-3 (Groundball, 6, EV 86.9 MPH)
|
|
Batting: LHB Gregg Kellerman
|
0-0: Ground out U3 (Groundball, 3, EV 85.6 MPH)
|
| Top of the 2nd over - 0 runs, 0 hits, 0 errors, 0 left on base; Indianapolis 0 - Reno 0 |
| BOTTOM OF THE 2ND |
|
Reno Aces batting - Pitching for Indianapolis Indians : LHP John Mandarino
|
|
Batting: RHB Justin Aslinger
|
0-0: Called Strike 0-1: Swinging Strike 0-2: Ball 1-2: Foul Ball, location: 2F 1-2: Ball 2-2: Ball 3-2: Base on Balls
|
|
Batting: LHB Ian Jarvis
|
0-0: Ball 1-0: SINGLE (Groundball, 34D, EV 105.6 MPH) Justin Aslinger to second Runner from 2nd tries for 3rd, SAFE, throw by RF made to third Ian Jarvis to second
|
|
Batting: SHB Gerardo Flores
|
0-0: Ball 1-0: Ground out 6-3 (Groundball, 6MD, EV 85.6 MPH) Justin Aslinger scores Ian Jarvis to third
|
|
Batting: LHB Rich Butler
|
0-0: Ball 1-0: Fly out, F7 (Flyball, 7D, EV 78.8 MPH) Runner from 3rd tags up, SCORES, throw by LF
|
|
Batting: RHB Jonathan Lugo
|
0-0: Ball 1-0: Fly out, F9 (Flyball, 89M, EV 90.6 MPH)
|
| Bottom of the 2nd over - 2 runs, 1 hit, 0 errors, 0 left on base; Indianapolis 0 - Reno 2 |
| TOP OF THE 3RD |
|
Indianapolis Indians batting - Pitching for Reno Aces : RHP Yeong-kil Suck
|
|
Batting: RHB Hector Barajas
|
0-0: SINGLE (Groundball, 56D, EV 110.0 MPH)
|
|
Batting: RHB Nick Wicker
|
0-0: Ball 1-0: Swinging Strike 1-1: Grounds into double play, 6-4-3 (Groundball, 6S, EV 89.4 MPH)
|
|
Batting: LHB Alberto Figueroa
|
0-0: Swinging Strike 0-1: Called Strike 0-2: Foul Ball, location: 2F 0-2: Ball 1-2: Ball 2-2: Strikes out swinging
|
| Top of the 3rd over - 0 runs, 1 hit, 0 errors, 0 left on base; Indianapolis 0 - Reno 2 |
| BOTTOM OF THE 3RD |
|
Reno Aces batting - Pitching for Indianapolis Indians : LHP John Mandarino
|
|
Batting: RHB Jose Sisneros
|
0-0: Called Strike 0-1: Foul Ball, location: 2F 0-2: Strikes out looking
|
|
Batting: RHB Dustin Clark
|
0-0: Ball 1-0: Ball 2-0: Called Strike 2-1: Bunt missed! 2-2: Ground out 6-3 (Groundball, 6, EV 81.9 MPH)
|
|
Batting: RHB Yutaka Oki
|
0-0: Called Strike 0-1: Ball 1-1: Ball 2-1: Called Strike 2-2: Foul Ball, location: 2F 2-2: Ball 3-2: Ground out 4-3 (Groundball, 4, EV 85.6 MPH)
|
| Bottom of the 3rd over - 0 runs, 0 hits, 0 errors, 0 left on base; Indianapolis 0 - Reno 2 |
| TOP OF THE 4TH |
|
Indianapolis Indians batting - Pitching for Reno Aces : RHP Yeong-kil Suck
|
|
Batting: RHB Bubba Tierney
|
0-0: Ball 1-0: Foul Ball, location: 2F 1-1: Hit by Pitch
|
|
Batting: RHB Dave Fredericks
|
0-0: Ball 1-0: Called Strike 1-1: Ball 2-1: Ball Bubba Tierney steals 2nd base 3-1: Ground out 4-3 (Groundball, 4, EV 103.1 MPH) Bubba Tierney to third
|
|
Batting: RHB Chris Pozzi
|
0-0: Called Strike 0-1: Ball 1-1: Foul Ball, location: 2F 1-2: Fly out, F8 (Flyball, 8RD, EV 94.4 MPH) Runner from 3rd tags up, SCORES, throw by CF
|
|
Batting: LHB Jorge Quintana
|
0-0: Foul Ball, location: 2F 0-1: Swinging Strike 0-2: Foul Ball, location: 2F 0-2: Ball 1-2: TRIPLE (Line Drive, 8RXD, EV 103.8 MPH)
|
|
Batting: RHB Hugo Zacarias
|
0-0: Called Strike 0-1: Swinging Strike 0-2: Ball 1-2: Ball 2-2: Strikes out swinging
|
| Top of the 4th over - 1 run, 1 hit, 0 errors, 1 left on base; Indianapolis 1 - Reno 2 |
| BOTTOM OF THE 4TH |
|
Reno Aces batting - Pitching for Indianapolis Indians : LHP John Mandarino
|
|
Batting: LHB Bobby Arevalo
|
0-0: Ball 1-0: Ball 2-0: Ground out U3 (Groundball, 3, EV 91.2 MPH)
|
|
Batting: RHB Justin Aslinger
|
0-0: Ball 1-0: Ball 2-0: Foul Ball, location: 2F 2-1: Fly out, F6 (Line Drive, 6, EV 74.4 MPH)
|
|
Batting: LHB Ian Jarvis
|
0-0: Called Strike 0-1: Ball 1-1: Ball 2-1: Fly out, F5 (Popup, 5SF, EV 77.5 MPH)
|
| Bottom of the 4th over - 0 runs, 0 hits, 0 errors, 0 left on base; Indianapolis 1 - Reno 2 |
| TOP OF THE 5TH |
|
Indianapolis Indians batting - Pitching for Reno Aces : RHP Yeong-kil Suck
|
|
Batting: LHB Gregg Kellerman
|
0-0: Called Strike 0-1: Ground out 1-3 (Groundball, 15S, EV 65.6 MPH)
|
|
Batting: RHB Hector Barajas
|
0-0: Fly out, F7 (Line Drive, 78M, EV 101.2 MPH)
|
|
Batting: RHB Nick Wicker
|
0-0: Foul Ball, location: 2F 0-1: Foul Ball, location: 2F 0-2: SINGLE (Groundball, 6MD, EV 95.6 MPH)
|
|
Batting: LHB Alberto Figueroa
|
0-0: Called Strike Nick Wicker is caught stealing 2nd base 2-6
|
| Top of the 5th over - 0 runs, 1 hit, 0 errors, 0 left on base; Indianapolis 1 - Reno 2 |
| BOTTOM OF THE 5TH |
|
Reno Aces batting - Pitching for Indianapolis Indians : LHP John Mandarino
|
|
Batting: SHB Gerardo Flores
|
0-0: Ball 1-0: Called Strike 1-1: Fly out, F7 (Flyball, 78S, EV 79.4 MPH)
|
|
Batting: LHB Rich Butler
|
0-0: Swinging Strike 0-1: Swinging Strike 0-2: Fly out, F6 (Popup, 6MS, EV 66.2 MPH)
|
|
Batting: RHB Jonathan Lugo
|
0-0: Ball 1-0: Foul Ball, location: 2F 1-1: Ball 2-1: Foul Ball, location: 2F 2-2: Strikes out swinging
|
| Bottom of the 5th over - 0 runs, 0 hits, 0 errors, 0 left on base; Indianapolis 1 - Reno 2 |
| TOP OF THE 6TH |
|
Indianapolis Indians batting - Pitching for Reno Aces : RHP Yeong-kil Suck
|
|
Batting: LHB Alberto Figueroa
|
0-0: Foul Ball, location: 2F 0-1: Called Strike 0-2: Ball 1-2: SINGLE (Line Drive, 9S, EV 91.9 MPH)
|
|
Batting: RHB Bubba Tierney
|
0-0: Ball 1-0: Foul Ball, location: 2F 1-1: Grounds into double play, 6-4-3 (Groundball, 6, EV 102.5 MPH)
|
|
Batting: RHB Dave Fredericks
|
0-0: Swinging Strike 0-1: Ball 1-1: Swinging Strike 1-2: Ball 2-2: Ball 3-2: SINGLE (Groundball, 6MD, EV 105.0 MPH)
|
|
Batting: RHB Chris Pozzi
|
0-0: Ball 1-0: Swinging Strike 1-1: Ball 2-1: Ball 3-1: Base on Balls Dave Fredericks to second
|
|
Batting: LHB Jorge Quintana
|
0-0: Swinging Strike 0-1: Ball 1-1: Swinging Strike 1-2: Ground out 1-3 (Groundball, 15S, EV 70.6 MPH)
|
| Top of the 6th over - 0 runs, 2 hits, 0 errors, 2 left on base; Indianapolis 1 - Reno 2 |
| BOTTOM OF THE 6TH |
|
Reno Aces batting - Pitching for Indianapolis Indians : LHP John Mandarino
|
|
Batting: RHB Jose Sisneros
|
0-0: Ball 1-0: SINGLE (Groundball, 4MD, EV 96.2 MPH)
|
|
Batting: RHB Dustin Clark
|
0-0: Fly out, F8 (Flyball, 89D, EV 88.8 MPH)
|
|
Batting: RHB Yutaka Oki
|
0-0: Ball 1-0: Ball 2-0: Foul Ball, location: 2F Pickoff Throw to First - Out! 1-3 2-1: Called Strike 2-2: Foul Ball, location: 2F 2-2: Fly out, F7 (Flyball, 7, EV 90.6 MPH)
|
| Bottom of the 6th over - 0 runs, 1 hit, 0 errors, 0 left on base; Indianapolis 1 - Reno 2 |
| TOP OF THE 7TH |
|
Indianapolis Indians batting - Pitching for Reno Aces : RHP Yeong-kil Suck
|
|
Batting: RHB Hugo Zacarias
|
0-0: Called Strike 0-1: Ball 1-1: Called Strike 1-2: Strikes out looking
|
|
Batting: LHB Gregg Kellerman
|
0-0: Swinging Strike 0-1: Ball 1-1: Ground out 4-3 (Groundball, 34D, EV 100.6 MPH)
|
|
Batting: RHB Hector Barajas
|
0-0: Called Strike 0-1: Foul Ball, location: 2F 0-2: Ball 1-2: DOUBLE (Line Drive, 7LD, EV 111.2 MPH)
|
|
Pinch Hitting: LHB Edwin Aguilar
|
0-0: Foul Ball, location: 2F 0-1: Called Strike 0-2: Ball 1-2: Ball 2-2: Strikes out looking
|
| Top of the 7th over - 0 runs, 1 hit, 0 errors, 1 left on base; Indianapolis 1 - Reno 2 |
| BOTTOM OF THE 7TH |
|
Reno Aces batting - Pitching for Indianapolis Indians : LHP John Mandarino
|
|
Now at 3B: Alain Marquet
|
|
|
Batting: LHB Bobby Arevalo
|
0-0: Called Strike 0-1: Ball 1-1: Ball 2-1: Ball 3-1: Foul Ball, location: 2F 3-2: SINGLE (Groundball, 56S, EV 73.1 MPH) (infield hit)
|
|
Batting: RHB Justin Aslinger
|
0-0: Fly out, F7 (Flyball, 7D, EV 103.8 MPH)
|
|
Batting: LHB Ian Jarvis
|
0-0: Ball 1-0: Ball 2-0: Called Strike 2-1: Called Strike 2-2: Strikes out swinging
|
|
Batting: SHB Gerardo Flores
|
0-0: Ball 1-0: DOUBLE (Line Drive, 9LM, EV 96.2 MPH) Bobby Arevalo to third Runner from 3rd tries for Home, SAFE, throw by RF to home
|
|
Batting: LHB Rich Butler
|
0-0: Foul Ball, location: 2F 0-1: Fly out, F7 (Flyball, 7LM, EV 85.6 MPH)
|
| Bottom of the 7th over - 1 run, 2 hits, 0 errors, 1 left on base; Indianapolis 1 - Reno 3 |
| TOP OF THE 8TH |
|
Indianapolis Indians batting - Pitching for Reno Aces : RHP Yeong-kil Suck
|
|
Batting: LHB Alberto Figueroa
|
0-0: SOLO HOME RUN (Line Drive, 9D, EV 106.9 MPH), Distance : 410 ft
|
|
Batting: RHB Bubba Tierney
|
0-0: Swinging Strike 0-1: Ball 1-1: Called Strike 1-2: Hit by Pitch
|
|
Pitching: RHP Jason Hammons
|
|
|
Batting: RHB Dave Fredericks
|
0-0: Foul Ball, location: 2F 0-1: Ball 1-1: Hit by Pitch Bubba Tierney to second
|
|
Batting: RHB Chris Pozzi
|
0-0: Ball 1-0: Called Strike 1-1: Ball 2-1: Ball 3-1: Swinging Strike 3-2: Base on Balls Bubba Tierney to third Dave Fredericks to second
|
|
Batting: LHB Jorge Quintana
|
0-0: Ball 1-0: Swinging Strike 1-1: Called Strike 1-2: Ball 2-2: Foul Ball, location: 2F 2-2: Ball 3-2: Fly out, F8 (Line Drive, 78D, EV 101.9 MPH) Runner from 3rd tags up, SCORES, no throw by CF
|
|
Batting: RHB Hugo Zacarias
|
0-0: Swinging Strike 0-1: Sac Bunt to 13 - play at first, batter OUT! 1-4 Dave Fredericks to third Chris Pozzi to second
|
|
Batting: LHB Gregg Kellerman
|
0-0: Swinging Strike 0-1: Ball 1-1: SINGLE (Groundball, 4MS, EV 70.0 MPH) (infield hit) Dave Fredericks scores Chris Pozzi to third
|
|
Pitching: RHP Gerardo Camacho
|
|
|
Batting: RHB Hector Barajas
|
0-0: Ball 1-0: Foul Ball, location: 2F 1-1: Swinging Strike 1-2: Ball 2-2: Foul Ball, location: 2F 2-2: Strikes out looking
|
| Top of the 8th over - 3 runs, 2 hits, 0 errors, 2 left on base; Indianapolis 4 - Reno 3 |
| BOTTOM OF THE 8TH |
|
Reno Aces batting - Pitching for Indianapolis Indians : LHP John Mandarino
|
|
Batting: RHB Jonathan Lugo
|
0-0: Fly out, F9 (Flyball, 89S, EV 76.9 MPH)
|
|
Batting: RHB Jose Sisneros
|
0-0: Called Strike 0-1: Ball 1-1: SINGLE (Line Drive, 9S, EV 95.6 MPH)
|
|
Batting: RHB Dustin Clark
|
0-0: Ball 1-0: Sac Bunt to 2R - play at first, batter OUT! 2-3 Jose Sisneros to second
|
|
Batting: RHB Yutaka Oki
|
0-0: Ground out 5-3 (Groundball, 56, EV 90.0 MPH)
|
| Bottom of the 8th over - 0 runs, 1 hit, 0 errors, 1 left on base; Indianapolis 4 - Reno 3 |
| TOP OF THE 9TH |
|
Indianapolis Indians batting - Pitching for Reno Aces : RHP Gerardo Camacho
|
|
Batting: RHB Alain Marquet
|
0-0: Called Strike 0-1: Foul Ball, location: 2F 0-2: Ball 1-2: Ball 2-2: Strikes out swinging
|
|
Batting: LHB Alberto Figueroa
|
0-0: Ball 1-0: Ball 2-0: Ball 3-0: Base on Balls
|
|
Batting: RHB Bubba Tierney
|
0-0: Ball Alberto Figueroa steals 2nd base 1-0: Ball Alberto Figueroa steals 3rd base 2-0: Ball 3-0: Fly out, F7 (Line Drive, 7, EV 91.9 MPH) Runner from 3rd tags up, SCORES, throw by LF
|
|
Batting: RHB Dave Fredericks
|
0-0: Ball 1-0: Ground out 6-3 (Groundball, 6S, EV 84.4 MPH)
|
| Top of the 9th over - 1 run, 0 hits, 0 errors, 0 left on base; Indianapolis 5 - Reno 3 |
| BOTTOM OF THE 9TH |
|
Reno Aces batting - Pitching for Indianapolis Indians : LHP John Mandarino
|
|
Pitching: RHP Robby Poyfair
|
|
|
Batting: LHB Bobby Arevalo
|
0-0: Ball 1-0: Called Strike 1-1: Foul Ball, location: 2F 1-2: Ball 2-2: Strikes out swinging
|
|
Pinch Hitting: LHB Tommy King
|
0-0: Ball 1-0: Ground out 4-3 (Groundball, 4D, EV 103.1 MPH)
|
|
Batting: LHB Ian Jarvis
|
0-0: Ball 1-0: Ground out 6-3 (Groundball, 6, EV 105.0 MPH)
|
| Bottom of the 9th over - 0 runs, 0 hits, 0 errors, 0 left on base; Indianapolis 5 - Reno 3 |
|